[ PARTIDA AOE2 · #505103354 ]
UnrankedChinos vs Vietnamese
Equipo del jugador · VICT
Equipo rival · DERR
[ ANÁLISIS DE REPETICIÓN · EXTRAÍDO DE LA PARTIDA GRABADA ]
Feudal
9:06
Castillos
21:23
Imperial
35:06
| APM promedio | 52.3 |
| APM pico | 92 |
| eAPM promedio | 22.2 |
| Aldeanos / militares | 111 / 62 |
Foco
⚔️ 28.4% · 🌾 71.6%
Knight ×38 · Archer ×11 · Scout Cavalry ×6 · Iron Pagoda ×3 · Trebuchet (Packed) ×3 · Monk ×1
Feudal
12:55
Castillos
17:39
Imperial
37:23
| APM promedio | 53.9 |
| APM pico | 144 |
| eAPM promedio | 19.1 |
| Aldeanos / militares | 76 / 72 |
Foco
⚔️ 32.8% · 🌾 67.2%
Rattan Archer ×51 · Skirmisher ×7 · Militia ×5 · Archer ×3 · Monk ×2 · Mangonel ×2
Mapa de la partida
Recursos iniciales + cada clic de construcción. Líneas = muros · curvas = relieve. ◆ oro · ⬟ piedra · ● bayas · ✦ reliquia · ◌ hueco del cierre
Tu base· ✓ Cerrada en 21:23 · 50t muro · sin puerta
Base de Dr Zenit· ✓ Cerrada en 17:39 · 69t muro · sin puerta
Terreno inicial suavizado · ◌ = hueco del cierre detectado · pasá el cursor para detalles
Inputs por minuto
— Omit the Wise - - Dr Zenit
Build order — Omit the Wise
Primeras 150 de 305 acciones detectadas
| 0:10 | Investigar | Loom |
| 0:39 | Encolar | Villager (Male) |
| 1:05 | Encolar | Villager (Male) |
| 1:28 | Encolar | Villager (Male) |
| 1:55 | Encolar | Villager (Male) |
| 1:56 | Encolar | Villager (Male) |
| 1:58 | Construir | Lumber Camp |
| 2:20 | Encolar | Villager (Male) |
| 2:20 | Encolar | Villager (Male) |
| 2:40 | Encolar | Villager (Male) |
| 2:49 | Construir | House |
| 2:55 | Encolar | Villager (Male) |
| 3:20 | Encolar | Villager (Male) |
| 3:34 | Construir | House |
| 3:35 | Encolar | Villager (Male) |
| 4:17 | Encolar | Villager (Male) |
| 4:45 | Encolar | Villager (Male) |
| 5:00 | Construir | Mill |
| 5:03 | Encolar | Villager (Male) |
| 5:24 | Encolar | Villager (Male) |
| 5:51 | Encolar | Villager (Male) |
| 6:15 | Encolar | Villager (Male) |
| 6:25 | Construir | Farm |
| 6:47 | Investigar | Feudal Age |
| 7:53 | Construir | House |
| 8:02 | Construir | Farm |
| 8:22 | Construir | Barracks |
| 8:33 | Encolar | Villager (Male) |
| 8:35 | Construir | Farm |
| 8:48 | Construir | Palisade Wall |
| 8:49 | Construir | Palisade Wall |
| 8:50 | Construir | Palisade Wall |
| 8:52 | Construir | Palisade Wall |
| 8:53 | Construir | Palisade Wall |
| 8:57 | Construir | Palisade Wall |
| 8:59 | Construir | Palisade Wall |
| 9:00 | Construir | Palisade Wall |
| 9:01 | Construir | Palisade Wall |
| 9:06 | Edad | Edad Feudal |
| 9:24 | Construir | Archery Range |
| 9:32 | Encolar | Villager (Male) |
| 9:46 | Construir | Mining Camp |
| 9:56 | Encolar | Villager (Male) |
| 10:11 | Construir | House |
| 10:15 | Construir | Farm |
| 10:16 | Encolar | Villager (Male) |
| 10:18 | Investigar | Double-Bit Axe |
| 10:21 | Encolar | Archer |
| 10:30 | Encolar | Villager (Male) |
| 10:35 | Construir | Farm |
| 10:51 | Encolar | Villager (Male) |
| 10:54 | Construir | Farm |
| 11:04 | Encolar | Archer |
| 11:24 | Encolar | Villager (Male) |
| 11:30 | Encolar | Villager (Male) |
| 11:33 | Construir | Farm |
| 11:33 | Construir | Farm |
| 11:49 | Encolar | Villager (Male) |
| 12:03 | Encolar | Villager (Male) |
| 12:09 | Construir | Farm |
| 12:10 | Construir | Farm |
| 12:16 | Encolar | Archer |
| 12:16 | Encolar | Archer |
| 12:32 | Construir | House |
| 12:46 | Construir | Blacksmith |
| 13:09 | Encolar | Villager (Male) |
| 13:09 | Encolar | Villager (Male) |
| 13:14 | Construir | House |
| 13:18 | Construir | House |
| 13:20 | Construir | Palisade Wall |
| 13:21 | Construir | Palisade Wall |
| 13:22 | Construir | Palisade Wall |
| 13:33 | Encolar | Villager (Male) |
| 13:38 | Construir | House |
| 13:41 | Construir | Palisade Wall |
| 13:59 | Encolar | Villager (Male) |
| 14:10 | Construir | Stable |
| 14:11 | Encolar | Villager (Male) |
| 14:21 | Encolar | Villager (Male) |
| 14:24 | Construir | House |
| 14:25 | Construir | Palisade Wall |
| 14:28 | Construir | Farm |
| 14:37 | Encolar | Archer |
| 14:59 | Construir | House |
| 15:01 | Construir | Palisade Wall |
| 15:04 | Construir | Palisade Wall |
| 15:06 | Encolar | Scout Cavalry |
| 15:07 | Encolar | Scout Cavalry |
| 15:07 | Encolar | Villager (Male) |
| 15:14 | Encolar | Archer |
| 15:14 | Encolar | Archer |
| 15:20 | Investigar | Fletching |
| 15:29 | Encolar | Villager (Male) |
| 15:31 | Construir | Farm |
| 15:38 | Encolar | Scout Cavalry |
| 16:00 | Construir | Farm |
| 16:09 | Encolar | Villager (Male) |
| 16:22 | Construir | Farm |
| 16:42 | Encolar | Archer |
| 16:52 | Encolar | Archer |
| 16:54 | Encolar | Scout Cavalry |
| 17:11 | Encolar | Archer |
| 17:12 | Encolar | Scout Cavalry |
| 17:12 | Encolar | Villager (Male) |
| 17:14 | Construir | Farm |
| 17:14 | Construir | Farm |
| 17:17 | Investigar | Horse Collar |
| 17:52 | Construir | Market |
| 18:36 | Encolar | Villager (Male) |
| 18:38 | Construir | Farm |
| 18:43 | Investigar | Castle Age |
| 19:27 | Construir | Farm |
| 19:49 | Investigar | Gold Mining |
| 19:51 | Construir | Mining Camp |
| 20:24 | Construir | House |
| 20:25 | Construir | House |
| 20:32 | Encolar | Scout Cavalry |
| 20:35 | Encolar | Archer |
| 20:37 | Investigar | Padded Archer Armor |
| 20:48 | Construir | Stable |
| 20:57 | Investigar | Wheelbarrow |
| 20:58 | Encolar | Villager (Male) |
| 21:23 | Edad | Edad de los Castillos |
| 21:37 | Encolar | Villager (Male) |
| 21:44 | Construir | Town Center |
| 22:06 | Encolar | Villager (Male) |
| 22:07 | Encolar | Villager (Male) |
| 22:32 | Investigar | Bloodlines |
| 22:33 | Investigar | Husbandry |
| 22:45 | Construir | Town Center |
| 22:46 | Encolar | Villager (Male) |
| 22:46 | Encolar | Villager (Male) |
| 22:57 | Construir | House |
| 22:59 | Encolar | Villager (Male) |
| 23:00 | Encolar | Villager (Male) |
| 23:11 | Investigar | Gold Shaft Mining |
| 23:15 | Investigar | Bow Saw |
| 23:33 | Encolar | Knight |
| 23:33 | Encolar | Knight |
| 23:35 | Encolar | Villager (Male) |
| 23:42 | Construir | Farm |
| 23:50 | Encolar | Knight |
| 23:53 | Encolar | Villager (Male) |
| 23:54 | Encolar | Villager (Male) |
| 23:58 | Encolar | Knight |
| 24:10 | Encolar | Villager (Male) |
| 24:11 | Encolar | Villager (Male) |
| 24:20 | Investigar | Light Cavalry (upgrade) |
| 24:27 | Construir | Monastery |
| 24:38 | Encolar | Knight |
Build order — Dr Zenit
Primeras 150 de 204 acciones detectadas
| 0:01 | Encolar | Villager (Male) |
| 0:01 | Encolar | Villager (Male) |
| 0:02 | Construir | House |
| 0:02 | Construir | House |
| 0:19 | Encolar | Villager (Male) ×2 |
| 1:24 | Encolar | Villager (Male) |
| 1:52 | Construir | Lumber Camp |
| 1:59 | Encolar | Villager (Male) |
| 2:22 | Encolar | Villager (Male) |
| 2:38 | Construir | House |
| 2:57 | Investigar | Loom |
| 3:06 | Construir | House |
| 3:47 | Encolar | Villager (Male) |
| 4:06 | Encolar | Villager (Male) |
| 4:21 | Construir | Barracks |
| 4:35 | Encolar | Villager (Male) |
| 4:38 | Encolar | Villager (Male) |
| 5:25 | Encolar | Villager (Male) |
| 5:25 | Encolar | Villager (Male) |
| 5:50 | Encolar | Villager (Male) |
| 6:05 | Encolar | Villager (Male) |
| 6:09 | Encolar | Militia |
| 6:09 | Encolar | Militia |
| 6:29 | Construir | House |
| 6:36 | Encolar | Militia |
| 6:37 | Encolar | Militia |
| 7:01 | Construir | House |
| 7:06 | Encolar | Militia |
| 7:18 | Encolar | Villager (Male) |
| 7:47 | Construir | Mill |
| 7:47 | Encolar | Villager (Male) |
| 8:02 | Encolar | Villager (Male) |
| 8:40 | Encolar | Villager (Male) |
| 8:57 | Encolar | Villager (Male) |
| 9:20 | Encolar | Villager (Male) |
| 9:29 | Encolar | Villager (Male) |
| 9:34 | Construir | House |
| 9:56 | Construir | Palisade Wall |
| 9:58 | Encolar | Villager (Male) |
| 10:06 | Construir | Palisade Wall |
| 10:08 | Encolar | Villager (Male) |
| 10:10 | Construir | House |
| 10:18 | Construir | Palisade Wall |
| 10:22 | Encolar | Villager (Male) |
| 10:39 | Construir | Palisade Wall |
| 10:41 | Investigar | Feudal Age |
| 11:18 | Construir | Mining Camp |
| 11:44 | Construir | Palisade Wall |
| 12:35 | Encolar | Villager (Male) |
| 12:55 | Edad | Edad Feudal |
| 12:57 | Encolar | Villager (Male) |
| 13:15 | Construir | Market |
| 13:48 | Encolar | Villager (Male) |
| 14:07 | Construir | Blacksmith |
| 14:18 | Construir | Mining Camp |
| 14:59 | Investigar | Castle Age |
| 15:09 | Construir | Archery Range |
| 15:58 | Encolar | Skirmisher |
| 15:58 | Encolar | Skirmisher |
| 16:20 | Investigar | Double-Bit Axe |
| 16:32 | Encolar | Skirmisher |
| 16:44 | Construir | House |
| 16:46 | Encolar | Skirmisher |
| 17:09 | Investigar | Fletching |
| 17:14 | Construir | Farm |
| 17:39 | Edad | Edad de los Castillos |
| 17:56 | Construir | Farm |
| 17:58 | Construir | Farm |
| 17:58 | Construir | Farm |
| 17:58 | Construir | Farm |
| 17:59 | Construir | Farm |
| 18:09 | Encolar | Skirmisher |
| 18:14 | Construir | House |
| 18:35 | Construir | Farm |
| 18:40 | Construir | Castle |
| 18:59 | Construir | House |
| 19:08 | Encolar | Villager (Male) |
| 19:08 | Encolar | Villager (Male) |
| 19:10 | Construir | House |
| 19:22 | Construir | House |
| 19:27 | Encolar | Archer |
| 19:27 | Encolar | Archer |
| 19:28 | Encolar | Archer |
| 19:34 | Encolar | Skirmisher |
| 19:34 | Encolar | Skirmisher |
| 19:52 | Encolar | Villager (Male) |
| 19:54 | Construir | Siege Workshop |
| 20:26 | Construir | Farm |
| 20:26 | Construir | Farm |
| 20:27 | Construir | Farm |
| 20:30 | Encolar | Scorpion |
| 20:39 | Encolar | Villager (Male) |
| 20:45 | Construir | Farm |
| 20:47 | Construir | Farm |
| 21:31 | Encolar | Villager (Male) |
| 22:01 | Encolar | Villager (Male) |
| 22:38 | Encolar | Rattan Archer ×5 |
| 22:39 | Encolar | Rattan Archer ×5 |
| 22:39 | Encolar | Rattan Archer |
| 22:39 | Encolar | Rattan Archer |
| 22:48 | Construir | Farm |
| 22:48 | Construir | Farm |
| 22:48 | Construir | Farm |
| 22:57 | Construir | Farm |
| 23:06 | Encolar | Villager (Male) |
| 23:32 | Encolar | Villager (Male) |
| 23:41 | Construir | Farm |
| 23:45 | Encolar | Rattan Archer |
| 23:46 | Encolar | Villager (Male) |
| 24:09 | Encolar | Villager (Male) |
| 24:23 | Encolar | Rattan Archer |
| 24:24 | Encolar | Villager (Male) |
| 24:51 | Encolar | Villager (Male) |
| 25:08 | Construir | Castle |
| 25:10 | Encolar | Villager (Male) |
| 25:11 | Encolar | Villager (Male) |
| 25:30 | Investigar | Bodkin Arrow |
| 25:48 | Encolar | Villager (Male) |
| 25:50 | Encolar | Villager (Male) |
| 26:19 | Construir | Mining Camp |
| 26:27 | Encolar | Battering Ram |
| 26:37 | Investigar | Bow Saw |
| 26:58 | Encolar | Villager (Male) |
| 26:58 | Encolar | Villager (Male) |
| 27:06 | Construir | Lumber Camp |
| 27:12 | Encolar | Rattan Archer |
| 27:13 | Encolar | Rattan Archer |
| 27:56 | Construir | Siege Workshop |
| 27:57 | Encolar | Villager (Male) |
| 28:06 | Encolar | Rattan Archer ×2 |
| 28:09 | Encolar | Villager (Male) |
| 28:29 | Encolar | Mangonel |
| 28:30 | Encolar | Villager (Male) |
| 28:32 | Construir | Outpost |
| 28:50 | Encolar | Villager (Male) |
| 29:13 | Encolar | Villager (Male) |
| 29:13 | Encolar | Villager (Male) |
| 29:14 | Encolar | Mangonel |
| 29:15 | Encolar | Rattan Archer ×2 |
| 29:15 | Encolar | Rattan Archer ×2 |
| 29:22 | Encolar | Villager (Male) |
| 29:22 | Encolar | Villager (Male) |
| 29:29 | Construir | Palisade Gate |
| 29:35 | Encolar | Villager (Male) |
| 29:35 | Encolar | Villager (Male) |
| 29:42 | Encolar | Rattan Archer ×2 |
| 29:43 | Encolar | Rattan Archer ×2 |
| 29:56 | Construir | Gate |
| 30:13 | Encolar | Villager (Male) |
| 30:17 | Encolar | Rattan Archer ×3 |
Cronología de la partida
| 4:21 | Dr Zenit · first_building Barracks |
| 8:22 | Omit the Wise · first_building Barracks |
| 8:48 | Omit the Wise · wall_segment Palisade Wall x1 |
| 8:49 | Omit the Wise · wall_segment Palisade Wall x1 |
| 8:50 | Omit the Wise · wall_segment Palisade Wall x1 |
| 8:52 | Omit the Wise · wall_segment Palisade Wall x1 |
| 8:53 | Omit the Wise · wall_segment Palisade Wall x1 |
| 8:57 | Omit the Wise · wall_segment Palisade Wall x1 |
| 8:59 | Omit the Wise · wall_segment Palisade Wall x1 |
| 9:00 | Omit the Wise · wall_segment Palisade Wall x1 |
| 9:01 | Omit the Wise · wall_segment Palisade Wall x1 |
| 9:06 | Omit the Wise · age_up feudal |
| 9:24 | Omit the Wise · first_building Archery Range |
| 9:56 | Dr Zenit · wall_segment Palisade Wall x17 |
| 10:06 | Dr Zenit · wall_segment Palisade Wall x16 |
| 10:18 | Dr Zenit · wall_segment Palisade Wall x13 |
| 10:39 | Dr Zenit · wall_segment Palisade Wall x9 |
| 11:44 | Dr Zenit · wall_segment Palisade Wall x14 |
| 12:55 | Dr Zenit · age_up feudal |
| 13:20 | Omit the Wise · wall_segment Palisade Wall x8 |
| 13:21 | Omit the Wise · wall_segment Palisade Wall x1 |
| 13:22 | Omit the Wise · wall_segment Palisade Wall x9 |
| 13:41 | Omit the Wise · wall_segment Palisade Wall x5 |
| 14:10 | Omit the Wise · first_building Stable |
| 14:25 | Omit the Wise · wall_segment Palisade Wall x7 |
| 14:38 | Dr Zenit · first_market_buy 100 food |
| 15:01 | Omit the Wise · wall_segment Palisade Wall x1 |
| 15:04 | Omit the Wise · wall_segment Palisade Wall x11 |
| 15:09 | Dr Zenit · first_building Archery Range |
| 17:39 | Dr Zenit · age_up castle |
| 18:40 | Dr Zenit · first_building Castle |
| 19:54 | Dr Zenit · first_building Siege Workshop |
| 21:23 | Omit the Wise · age_up castle |
| 21:43 | Omit the Wise · first_market_buy 100 wood |
| 22:42 | Omit the Wise · first_market_sell 100 food |
| 24:27 | Omit the Wise · first_building Monastery |
| 28:02 | Omit the Wise · first_building Siege Workshop |
| 32:05 | Omit the Wise · first_building Castle |
| 33:10 | Dr Zenit · first_building Monastery |
| 33:22 | Dr Zenit · first_market_sell 100 wood |
| 35:06 | Omit the Wise · age_up imperial |
| 37:23 | Dr Zenit · age_up imperial |
| 37:27 | Dr Zenit · resign |
[ ANÁLISIS IA · 1 CRÉDITO ]
¿Qué pasó realmente en esta partida?
Wolo.gg analiza cada decisión: build order, eco, micro, errores típicos por bracket. Análisis personalizado por WhatsApp o Discord en 30 segundos.
Guía civ
Chinos
Perfil
Jugador #15935362